 Dungeon Crawl Stone Soup version 0.27-a0-40-g5f2be0e231 (webtiles) character file.

Game seed: 13808113586221351666

8187 dolemite99 the Frost Mage (level 11, -4/109 HPs)
             Began as a White Draconian Transmuter on Jan 5, 2021.
             Was a High Priest of Okawaru.
             Killed from afar by a catoblepas (5 damage)
             ... with a blast of calcifying dust
             ... on level 1 of the Lair of Beasts.
             The game lasted 00:27:12 (16085 turns).

dolemite99 the Frost Mage (DrTm)                   Turns: 16085, Time: 00:27:12

Health: -4/109     AC:  7    Str: 19    XL:     11   Next: 6%
Magic:  17/17      EV: 14    Int: 17    God:    Okawaru [*****.]
Gold:   56         SH:  0    Dex: 11    Spells: 7/14 levels left

rFire    x . .     SeeInvis .     - Unarmed
rCold    + + +     Faith    .   (shield currently unavailable)
rNeg     . . .     Spirit   .   (armour unavailable)
rPois    +         Reflect  .   (helmet currently unavailable)
rElec    .         Harm     .   (cloak currently unavailable)
rCorr    .         Rampage  .   (gloves currently unavailable)
Will     .....                  (boots currently unavailable)
Stlth    +++.......             H - amulet of magic regeneration
HPRegen  0.28/turn              t - +6 ring of strength
MPRegen  0.40/turn              (no ring)

@: ice-form, heroism
A: large, (breathe frost), unfitting armour, AC +7
a: End Transformation, Renounce Religion, Heroism, Finesse


You were on level 1 of the Lair of Beasts.
You worshipped Okawaru.
Okawaru was extremely pleased with you.
You were a creature of crystalline ice.
You visited 3 branches of the dungeon, and saw 11 of its levels.

You collected 534 gold pieces.
You spent 478 gold pieces at shops.

Inventory:

Hand Weapons
 g - a +3 dagger of flaming
 j - a +2 mace of protection
Missiles
 b - 12 boomerangs
 c - 325 stones
 d - 159 arrows
 e - 65 sling bullets
 h - 3 silver javelins
 l - 71 poisoned darts (quivered)
 m - 13 javelins
 M - 48 bolts
Armour
 f - a +0 kite shield
 o - a +0 cloak (melded)
 x - a +0 pair of gloves (melded)
 F - a +1 buckler (melded)
 J - a +2 helmet of intelligence
 L - a +2 pair of boots (melded)
Magical Staves
 n - an uncursed staff of cold {unknown}
Jewellery
 t - a +6 ring of strength (left front paw)
 z - an uncursed amulet of regeneration
 H - an amulet of magic regeneration (around neck)
Wands
 s - a wand of random effects (16)
 G - a wand of iceblast (8)
Scrolls
 a - 6 scrolls of teleportation
 i - 8 scrolls of remove curse {@r2}
 w - 3 scrolls of enchant weapon
 y - a scroll of enchant armour
 E - a scroll of magic mapping
Potions
 k - 2 potions of flight
 p - a potion of lignification
 q - a potion of mutation
 r - a potion of brilliance
 u - 2 potions of attraction
 A - 4 potions of heal wounds
 C - a potion of haste {unknown}
 N - a potion of magic {unknown}


   Skills:
 - Level 6.9(11.9) Fighting
 - Level 3.9(8.9) Dodging
 - Level 7.0(12.0) Unarmed Combat
 - Level 2.0 Spellcasting
 - Level 6.0 Transmutations
 - Level 10.5 Ice Magic
 - Level 5.5 Poison Magic
 + Level 8.1 Invocations


You had 7 spell levels left.
You knew the following spells:

 Your Spells              Type           Power        Failure   Level
b - Spider Form           Tmut/Pois      10%          5%          3
c - Ice Form              Ice/Tmut       29%          6%          4

Your spell library contained the following spells:

 Spells                   Type           Power        Failure   Level
 Beastly Appendage        Tmut           44%          1%          1
 Wereblood                Tmut           22%          2%          2
 Animate Skeleton         Necr           2%           19%         1
 Pain                     Necr           4%           19%         1
 Summon Small Mammal      Summ           4%           19%         1
 Summon Ice Beast         Ice/Summ       19%          22%         4
 Call Imp                 Summ           1%           28%         2
 Blade Hands              Tmut           11%          41%         5
 Call Canine Familiar     Summ           1%           50%         3
 Summon Guardian Golem    Hex/Summ       1%           50%         3
 Vampiric Draining        Necr           0%           50%         3
 Animate Dead             Necr           0%           88%         4
 Summon Lightning Spire   Summ/Air       1%           88%         4
 Agony                    Necr           1%           99%         5


Dungeon Overview and Level Annotations

Branches:
Dungeon (9/15)             Temple (1/1) D:4            Lair (1/6) D:9
    Orc: D:9-12

Altars:
Ashenzari
Cheibriados
Dithmenos
Elyvilon
Fedhas
Gozag
Hepliaklqana
Kikubaaqudgha
Makhleb
Nemelex Xobeh
Okawaru
Qazlal
Ru
Sif Muna
Trog
Uskayaw
Vehumet
Wu Jian
Xom
Yredelemnul
Zin
The Shining One

Shops:
D:4 }((=   D:6 =   D:9 *[((*

Annotations:
D:5 3 runed translucent doors, Anias's ghost, weakling OpDe


Innate Abilities, Weirdness & Mutations

((You can breathe waves of freezing cold.))
((You can buffet flying creatures when you breathe cold.))
((Your icy white scales are hard. (AC +7)))
You cannot fit into any form of body armour.
((Your flesh is cold resistant. (rC+)))
((You are cold-blooded and may be slowed by cold attacks.))


Message History

You hit the catoblepas. You freeze the catoblepas.
The catoblepas is heavily wounded.
The catoblepas gores you!!
* * * LOW HITPOINT WARNING * * *
The bullfrog is engulfed in calcifying dust.
You punch the catoblepas! You freeze the catoblepas.
The catoblepas is severely wounded.
The bullfrog is engulfed in calcifying dust. x2
The catoblepas breathes a plume of calcifying dust at you.
The blast of calcifying dust hits you!
* * * LOW HITPOINT WARNING * * *
The bullfrog is engulfed in calcifying dust. x2
The catoblepas barely misses you.
The bullfrog is engulfed in calcifying dust.
You hit the catoblepas. You freeze the catoblepas.
The catoblepas is severely wounded.
The bullfrog is engulfed in calcifying dust. x2
The catoblepas breathes a plume of calcifying dust at you.
The blast of calcifying dust hits you.
You die...

....... .......
..... ..... .....
.... ......
##..###......
#.....#.....#
#...........#
#§§FY.....$.# ..
#..Y§.#.... ...
#...§.+ ...
#.....#...§.#....
##.....###.###....
..................
#................
####................
....................
....................


You could see a catoblepas and a bullfrog (petrified).

Vanquished Creatures
  A cane toad (Lair:1)
  Maggie (D:7)
  Prince Ribbit (D:8)
  A hornet (D:9)
  Sigmund (D:5)
  A wyvern (D:8)
  16 yaks
  An ice beast (D:9)
  2 sky beasts
  A black bear (D:9)
  3 orc warriors
  2 phantoms (D:5)
  5 centaurs
  7 ogres
  2 big kobolds (D:9)
  4 bullfrogs
  A water moccasin zombie (D:7)
  4 scorpions
  4 killer bees (D:9)
  17 wights
  4 howler monkeys
  A bullfrog zombie (D:5)
  2 jellies
  A bullfrog skeleton (D:6)
  4 orc priests
  4 hounds
  8 orc wizards
  Crazy Yiuf (D:2)
  2 iguanas
  Terence (D:2)
  3 worker ants
  A killer bee zombie (D:8)
  2 hound zombies
  A hound skeleton (D:6)
  Robin (D:3)
  4 gnolls (D:2)
  2 howler monkey skeletons
  11 adders
  A shadow imp (D:9)
  3 white imps
  An ooze (D:4)
  3 adder skeletons
  5 worms
  3 dart slugs
  2 leopard geckos
  21 orcs
  A ball python (D:3)
  8 giant cockroaches
  19 hobgoblins
  11 jackals
  4 quokkas
  6 bats
  3 frilled lizards (D:1)
  20 goblins
  12 kobolds
  A leopard gecko zombie (D:5)
  2 quokka skeletons
  A quokka zombie (D:9)
  11 rats
266 creatures vanquished.

Vanquished Creatures (others)
  A fungus (Lair:1)
  2 plants (D:1)
3 creatures vanquished.

Grand Total: 269 creatures vanquished

Notes
Turn   | Place    | Note
-------+----------+-------------------------------------------
     0 | D:1      | dolemite99 the Draconian Transmuter began the quest for the
                  | Orb.
     0 | D:1      | Reached XP level 1. HP: 16/16 MP: 3/3
   617 | D:1      | Reached XP level 2. HP: 22/23 MP: 1/5
  1181 | D:1      | Reached XP level 3. HP: 29/29 MP: 4/6
  1857 | D:2      | Reached XP level 4. HP: 23/37 MP: 5/7
  1972 | D:1      | Learned a level 3 spell: Spider Form
  2119 | D:2      | Reached skill level 1 in Poison Magic
  2747 | D:2      | Reached XP level 5. HP: 42/42 MP: 4/8
  2762 | D:2      | Noticed Terence
  2828 | D:2      | Killed Terence
  3144 | D:2      | Found a runed translucent door.
  3145 | D:2      | Noticed Crazy Yiuf
  3151 | D:2      | Killed Crazy Yiuf
  4820 | D:3      | Reached XP level 6. HP: 50/50 MP: 6/9
  5418 | D:3      | Noticed Robin
  5436 | D:3      | Killed Robin
  5701 | D:4      | Found a sparkling altar of Nemelex Xobeh.
  5839 | D:4      | Learned a level 4 spell: Ice Form
  5879 | D:4      | Found a staircase to the Ecumenical Temple.
  5897 | Temple   | Entered the Ecumenical Temple
  5946 | Temple   | Became a worshipper of Warmaster Okawaru
  5980 | D:4      | Found Vair's Weapon Shop.
  6000 | D:4      | Found Tuffec's Jewellery Boutique.
  6327 | D:4      | Your scales start taking on an icy white colour.
  6327 | D:4      | Reached XP level 7. HP: 56/56 MP: 6/10
  6327 | D:4      | Gained mutation: Your flesh is cold resistant. (rC+) [White
                  | Draconian growth]
  6419 | D:4      | Found Xidgh's Gadget Shoppe.
  6428 | D:4      | Reached skill level 5 in Transmutations
  6438 | D:4      | Bought a wand of disintegration (12) for 176 gold pieces
  6448 | D:4      | Found Ukaigeyrche's Antique Weapon Shoppe.
  6655 | D:5      | Entered Level 5 of the Dungeon
  6871 | D:5      | Reached skill level 5 in Poison Magic
  6942 | D:5      | Reached * piety under Okawaru
  7542 | D:5      | Reached skill level 1 in Ice Magic
  7732 | D:5      | Reached skill level 2 in Ice Magic
  7732 | D:5      | Reached XP level 8. HP: 44/62 MP: 7/11
  7797 | D:5      | Noticed Sigmund
  7811 | D:5      | Killed Sigmund
  7812 | D:5      | Reached skill level 3 in Ice Magic
  7818 | D:5      | Found a runed translucent gate.
  7818 | D:5      | Found a runed translucent gate.
  7818 | D:5      | Found a runed translucent gate.
  7831 | D:5      | Noticed Anias's ghost (weakling OpDe)
  8018 | D:5      | Reached skill level 5 in Unarmed Combat
  8188 | D:6      | Reached skill level 4 in Ice Magic
  8220 | D:6      | Reached ** piety under Okawaru
  8221 | D:6      | Reached skill level 5 in Ice Magic
  8237 | D:6      | Found Pobb's Jewellery Shoppe.
  8290 | D:6      | HP: 4/93 [orc warrior/+0 scimitar (9)]
  8300 | D:6      | HP: 2/93 [orc wizard/magic dart (6)]
  8306 | D:6      | HP: 3/93 [orc priest/+0 club (1)]
  8310 | D:6      | Reached skill level 6 in Ice Magic
  8870 | D:6      | Reached XP level 9. HP: 62/68 MP: 8/12
  8995 | D:6      | Found an ancient bone altar of Kikubaaqudgha.
  8997 | D:6      | Found a radiant altar of Vehumet.
  8997 | D:6      | Found an ancient bone altar of Kikubaaqudgha.
  8999 | D:6      | Found a basalt altar of Yredelemnul.
  8999 | D:6      | Found a glowing silver altar of Zin.
  8999 | D:6      | Found a shimmering altar of Xom.
 10120 | D:7      | Reached skill level 7 in Ice Magic
 10497 | D:7      | Reached *** piety under Okawaru
 10579 | D:7      | Reached skill level 8 in Ice Magic
 10935 | D:7      | Noticed Maggie
 10944 | D:7      | HP: 1/86 [Maggie/+2 halberd of flaming (9)]
 10945 | D:7      | Killed Maggie
 10946 | D:7      | Reached skill level 5 in Fighting
 11849 | D:8      | Reached skill level 9 in Ice Magic
 12596 | D:8      | Reached XP level 10. HP: 84/84 MP: 9/13
 12601 | D:8      | Reached **** piety under Okawaru
 12754 | D:8      | Noticed Prince Ribbit
 12787 | D:8      | Killed Prince Ribbit
 13573 | D:9      | Found Waics's General Store.
 13587 | D:9      | Reached skill level 10 in Ice Magic
 13669 | D:9      | Bought a scroll of teleportation for 42 gold pieces
 13669 | D:9      | Bought a scroll of teleportation for 42 gold pieces
 13670 | D:9      | Bought a scroll of remove curse for 42 gold pieces
 13779 | D:9      | Found Lagry's Assorted Antiques.
 13789 | D:9      | Bought a metallic grey potion for 23 gold pieces
 13789 | D:9      | Bought a scroll of identify for 52 gold pieces
 13791 | D:9      | Bought a scroll of teleportation for 78 gold pieces
 13791 | D:9      | Bought a metallic grey potion for 23 gold pieces
 14059 | D:9      | Found Wasom's Antique Weapon Boutique.
 14088 | D:9      | Received a gift from Okawaru
 14171 | D:9      | Found Catuefi's Weapon Shoppe.
 14276 | D:9      | Paralysed by a hornet for 2 turns
 15058 | D:9      | Reached skill level 5 in Invocations
 15144 | D:9      | Found a staircase to the Lair.
 15144 | D:9      | Found Komupn's Armour Shop.
 15345 | D:9      | Found a glowing golden altar of the Shining One.
 15416 | Lair:1   | Entered Level 1 of the Lair of Beasts
 15420 | Lair:1   | Noticed a cane toad
 15516 | D:9      | Reached ***** piety under Okawaru
 15524 | D:9      | Reached XP level 11. HP: 50/91 MP: 16/16
 16066 | Lair:1   | Noticed a catoblepas
 16083 | Lair:1   | HP: 1/109 [catoblepas/blast of calcifying dust (9)]
 16085 | Lair:1   | Killed from afar by a catoblepas

Illustrated notes

Levels and vault maps discovered:
D:1:      nicolae_arrival_memento_mori, layout_loops_cross, serial_forest,
          infiniplex_forest_end_double, infiniplex_forest_zigzag_1,
          infiniplex_forest_clump_diagonal, infiniplex_forest_3_way,
          infiniplex_forest_straight_3
D:2:      layout_basic, uniq_crazy_yiuf_cottage, uniq_terence
D:3:      kennysheep_six_static_rooms, layout_basic, uniq_robin
D:4:      layout_basic, kennysheep_mini_moat, minmay_temple_entry_overgrown,
          serial_shops, nicolae_shop_crystal, kennysheep_little_box,
          nicolae_shop_statue_plus, nicolae_shop_crystal
D:5:      layout_basic, gammafunk_ghost_necromancy, nrook_mini_vaults,
          uniq_sigmund
D:6:      lemuel_ice_spiral_2, layout_basic, serial_shops,
          nicolae_shop_waterfront, st_stairs_3, roderic_roman_lattice,
          doesnt_xom_only_xom
D:7:      layout_loops_cross, uniq_maggie
D:8:      layout_gridville, kennysheep_decorative_pillar, uniq_prince_ribbit1
D:9:      layout_roguey, lair_entry_dummy, serial_shops, shop,
          nicolae_shop_temple_entry_statues_fountains, nicolae_shop_trees,
          nicolae_shop_waterfront, nicolae_shop_window_shopping, enter_bailey_3,
          tso_altar
Temple:   nicolae_temple_the_god_donut
Lair:1:   layout_regular_city, portal_ice_cave_entry_imps

Skill      XL: |  1  2  3  4  5  6  7  8  9 10 11 |
---------------+----------------------------------+-----
Dodging        | 2 3 |  3.9
Fighting       | 2 6 |  6.9
Poison Magic   | 2 3 4 5 |  5.5
Transmutations | 3 4 6 |  6.0
Ice Magic      | 2 6 9 10 | 10.5
Unarmed Combat | 4 6 7 |  7.0
Invocations    | 7 8 |  8.1
Spellcasting   | |  2.0

Action                   |  1- 3 |  4- 6 |  7- 9 | 10-12 || total
-------------------------+-------+-------+-------+-------++-------
Melee: Unarmed           |   100 |   231 |   325 |   190 ||   846
       Kick              |    12 |     2 |     3 |       ||    17
       Tailslap          |     8 |     2 |     9 |       ||    19
       Headbutt          |     5 |     1 |     3 |       ||     9
       Dagger            |    14 |       |       |       ||    14
       Punch             |       |       |     2 |       ||     2
Throw: Javelin           |       |    11 |       |       ||    11
       Stone             |       |     3 |       |       ||     3
       Dart              |       |     2 |    13 |    18 ||    33
 Cast: Beastly Appendage |    17 |     2 |     2 |       ||    21
       Spider Form       |       |    36 |    20 |       ||    56
       Ice Form          |       |       |    22 |    26 ||    48
Invok: Heroism           |       |       |     5 |     5 ||    10
 Abil: Breathe Frost     |       |       |     8 |       ||     8
Evoke: Wand              |       |       |    10 |     2 ||    12
  Use: Scroll            |       |     5 |    10 |     5 ||    20
       Potion            |       |       |     5 |     2 ||     7
Armor: Skin              |    43 |    17 |    87 |    63 ||   210
Dodge: Dodged            |    91 |   193 |   204 |   116 ||   604
Block: Buckler           |       |       |       |     5 ||     5

Table legend: (Time is in decaauts)
 A = Elapsed time spent in this place.
 B = Non-inter-level travel time spent in this place.
 C = Inter-level travel time spent in this place.
 D = Time resting spent in this place.
 E = Time spent auto-exploring this place.
 F = Levels seen in this place.
 G = Mean time per level.
                   A        B        C        D        E       F      G
               +--------+--------+--------+--------+--------+-----+--------+
         Total |  16014 |  15695 |    319 |   6083 |   6491 |  11 | 1455.8 |
       Dungeon |  15738 |  15432 |    306 |   5960 |   6437 |   9 | 1748.7 |
        Temple |     63 |     50 |     13 |      0 |      0 |   1 |   63.0 |
          Lair |    212 |    212 |      0 |    123 |     54 |   1 |  212.0 |
               +--------+--------+--------+--------+--------+-----+--------+

Top non-repeatable levels by time:
     D:9: 2283 daAuts
     D:2: 2033 daAuts
     D:8: 1992 daAuts
     D:6: 1988 daAuts
     D:1: 1938 daAuts
     D:3: 1567 daAuts
     D:7: 1456 daAuts
     D:5: 1443 daAuts
     D:4: 1035 daAuts
  Lair:1: 212 daAuts
  Temple: 63 daAuts
